 Dungeon Crawl Stone Soup version 0.26.0-10-g1f06aea511 (webtiles) character file.

Game seed: 4084684330318308281

355 Dracia the Tainter (level 6, -6/49 HPs)
             Began as a Naga Venom Mage on Jan 20, 2021.
             Was a Follower of Cheibriados.
             Mangled by an iguana (7 damage)
             ... on level 4 of the Dungeon.
             The game lasted 00:07:29 (4193 turns).

Dracia the Tainter (Naga Venom Mage)                Turns: 4193, Time: 00:07:30

Health: -6/49      AC:  3    Str: 12    XL:     6   Next: 63%
Magic:  1/9        EV: 10    Int: 19    God:    Cheibriados [*.....]
Gold:   129        SH:  0    Dex: 14    Spells: 3/9 levels left

rFire    . . .     SeeInvis +   c - +0 dagger
rCold    . . .     Faith    .   (no shield)
rNeg     . . .     Spirit   .   a - +0 robe
rPois    +         Reflect  .   (no helmet)
rElec    .         Harm     .   (no cloak)
rCorr    .         Rampage  .   (no gloves)
Will     .....                  (no barding)
Stlth    ++........             (no amulet)
HPRegen  0.16/turn              (no ring)
MPRegen  0.11/turn              (no ring)

@: mighty, very slow
A: large, see invisible, deformed body, poison resistance, slowness 2, spit
poison 1, AC +2
a: Spit Poison, Renounce Religion, Bend Time


You were on level 4 of the Dungeon.
You worshipped Cheibriados.
Cheibriados was aware of your devotion.
You visited 1 branch of the dungeon, and saw 4 of its levels.

You collected 129 gold pieces.


Innate Abilities, Weirdness & Mutations

You cannot wear boots.
Your serpentine skin is tough. (AC +2)
You have supernaturally acute eyesight. (SInv)
Armour fits poorly on your strangely shaped body.
Your system is resistant to poisons. (rPois)
You cover ground very slowly.
You can spit poison.


   Skills:
 - Level 1.5 Dodging
 - Level 3.0 Stealth
 - Level 2.0 Spellcasting
 - Level 2.0 Transmutations
 + Level 2.7 Air Magic
 * Level 8.3 Poison Magic


You had 3 spell levels left.
You knew the following spells:

 Your Spells              Type           Power        Failure   Level
m - Mephitic Cloud        Conj/Pois/Air  15%          11%         3
p - Poisonous Vapours     Pois/Air       44%          2%          2
z - Sting                 Tmut/Pois      84%          1%          1

Your spell library contained the following spells:

 Spells                   Type           Power        Failure   Level
 Ignite Poison            Fire/Tmut/Pois 14%          12%         3
 Olgreb's Toxic Radiance  Pois           33%          5%          4

Inventory:

Hand Weapons
 b - a +0 club
 c - a +0 dagger (weapon)
Missiles
 h - 30 poisoned darts
Armour
 a - a +0 robe (worn)
Scrolls
 e - a scroll of identify {@r1@r1}
 f - 3 scrolls of teleportation {@r4@r4}

Dungeon Overview and Level Annotations

Branches:
Dungeon (4/15)
 Temple: D:4-7

Altars:
Cheibriados
Sif Muna
Wu Jian

.....# #..
....###... .
.....#..... ..
#....).....
...###.......... .
.............. ...
#...Z.......
...<##.>@l.......
........##..(....
.......$..........
.....##...........
.##.####..........
#...#............
##...............
#................
...###...........


You could see an iguana (very poisoned) and a bullfrog skeleton.


Message History

The iguana is severely wounded.
The bullfrog skeleton closely misses you.
The iguana bites you!
* * * LOW HITPOINT WARNING * * *
Casting: Sting (safe; 1% risk of failure)
Confirm with . or Enter, or press ? or * to list all spells.
Aiming: Sting (safe; 1% risk of failure)
Press: ? - help, Shift-Dir - straight line, f - leopard gecko, p - iguana
Aim: a leopard gecko (36% to evade)
The sting hits the leopard gecko.
The leopard gecko is poisoned.
You kill the leopard gecko!
Cheibriados appreciates the change of pace.
The bullfrog skeleton hits you.
* * * LOW HITPOINT WARNING * * *
The iguana bites you!
* * * LOW HITPOINT WARNING * * *
You feel much better.
The bullfrog skeleton barely misses you.
The iguana bites you!
* * * LOW HITPOINT WARNING * * *
The bullfrog skeleton misses you.
It was a potion of cancellation.
You feel magically purged.
The bullfrog skeleton closely misses you.
The iguana bites you!
* * * LOW HITPOINT WARNING * * *
You feel very mighty all of a sudden. The bullfrog skeleton hits you.
* * * LOW HITPOINT WARNING * * *
The iguana bites you!
You die...

Skill      XL: |  1  2  3  4  5  6 |
---------------+-------------------+-----
Poison Magic   | 5 6 7 8 |  8.3
Transmutations | 2 |  2.0
Air Magic      | 1 2 |  2.7
Dodging        | |  1.5
Stealth        | |  3.0
Spellcasting   | |  2.0

Action                   |  1- 3 |  4- 6 || total
-------------------------+-------+-------++-------
Melee: Unarmed           |     7 |       ||     7
       Dagger            |    38 |    27 ||    65
 Cast: Sting             |    60 |    68 ||   128
       Poisonous Vapours |       |     3 ||     3
 Abil: Spit Poison       |       |     1 ||     1
  Use: Scroll            |       |     6 ||     6
       Potion            |       |     3 ||     3
 Stab: Sleeping          |     1 |     5 ||     6
Armor: Robe              |    24 |     5 ||    29
Dodge: Dodged            |    45 |    41 ||    86

Levels and vault maps discovered:
D:1:      kb_arrival_jail, layout_basic, minivault_24, minmay_misc_feat_room
D:2:      layout_loops_ring
D:3:      layout_loops_ring, lemuel_blue_sif_altar,
          pdpol_wu_jian_five_deadly_venoms, lemuel_doored_altar
D:4:      layout_cave_pools, grunt_temple_overflow_bloody_war,
          nicolae_overflow_crystal_walls, kennysheep_little_box,
          dancing_weapons_uskayaw, minmay_misc_feat_x

Notes
Turn   | Place    | Note
-------+----------+-------------------------------------------
     0 | D:1      | Dracia the Naga Venom Mage began the quest for the Orb.
     0 | D:1      | Reached XP level 1. HP: 15/15 MP: 3/3
     2 | D:1      | Noticed a merfolk
     2 | D:1      | Noticed an elf
     4 | D:1      | Noticed a halfling
     6 | D:1      | Noticed a gargoyle
     6 | D:1      | Noticed a human
     8 | D:1      | Noticed a demonspawn
     8 | D:1      | Noticed an octopode
    10 | D:1      | Noticed a felid
    10 | D:1      | Noticed a dwarf
    12 | D:1      | Noticed a centaur
    12 | D:1      | Noticed an ogre
    14 | D:1      | Noticed a naga
    14 | D:1      | Noticed a minotaur
    16 | D:1      | Noticed a tengu
    16 | D:1      | Noticed a formicid
    18 | D:1      | Noticed a demigod
    18 | D:1      | Noticed a ghoul
    20 | D:1      | Noticed a draconian
    20 | D:1      | Noticed a vampire
    24 | D:1      | Noticed a troll
    24 | D:1      | Noticed a vine stalker
    26 | D:1      | Noticed a spriggan
   375 | D:1      | Reached XP level 2. HP: 22/22 MP: 3/5
   929 | D:1      | Reached skill level 5 in Poison Magic
   977 | D:1      | Reached XP level 3. HP: 28/28 MP: 3/6
  1384 | D:1      | Learned a level 2 spell: Poisonous Vapours
  1388 | D:1      | Learned a level 3 spell: Mephitic Cloud
  1771 | D:2      | Reached skill level 2 in Transmutations
  2009 | D:2      | Reached XP level 4. HP: 36/36 MP: 4/7
  2327 | D:2      | Reached skill level 6 in Poison Magic
  2681 | D:3      | Reached skill level 1 in Air Magic
  2919 | D:3      | Found a snail-covered altar of Cheibriados.
  2928 | D:3      | Became a worshipper of Cheibriados the Contemplative
  3114 | D:3      | Found an ornate altar of the Wu Jian Council.
  3159 | D:3      | Reached XP level 5. HP: 34/42 MP: 3/8
  3503 | D:3      | Reached skill level 7 in Poison Magic
  3639 | D:3      | Reached * piety under Cheibriados
  3863 | D:3      | Found a shimmering blue altar of Sif Muna.
  3900 | D:4      | Noticed an ogre
  3908 | D:4      | Reached skill level 2 in Air Magic
  3908 | D:4      | Reached XP level 6. HP: 49/49 MP: 2/9
  3914 | D:4      | Reached skill level 8 in Poison Magic
  4193 | D:4      | HP: 1/49 [bullfrog skeleton (4)]
  4193 | D:4      | Mangled by an iguana

Vanquished Creatures
  An ogre (D:4)
  A scorpion (D:4)
  A howler monkey (D:4)
  An orc priest (D:3)
  A worker ant (D:3)
  5 adders
  3 worms
  3 dart slugs
  2 leopard geckos
  4 orcs (D:3)
  4 giant cockroaches
  10 goblins
  8 hobgoblins
  2 jackals (D:1)
  6 kobolds
  2 ball pythons (D:2)
  9 bats
  3 frilled lizards
  5 rats (D:2)
71 creatures vanquished.

Table legend: (Time is in decaauts)
 A = Elapsed time spent in this place.
 B = Non-inter-level travel time spent in this place.
 C = Inter-level travel time spent in this place.
 D = Time resting spent in this place.
 E = Time spent auto-exploring this place.
 F = Levels seen in this place.
 G = Mean time per level.
                   A        B        C        D        E       F      G
               +--------+--------+--------+--------+--------+-----+--------+
         Total |   5134 |   5016 |    118 |    568 |   3921 |   4 | 1283.5 |
       Dungeon |   5134 |   5016 |    118 |    568 |   3921 |   4 | 1283.5 |
               +--------+--------+--------+--------+--------+-----+--------+

Top non-repeatable levels by time:
     D:3: 1945 daAuts
     D:1: 1696 daAuts
     D:2: 1357 daAuts
     D:4: 134 daAuts

Table legend:
 A = Non-vault XP
 B = Vault XP
 C = Vault XP percentage of total XP
 D = Non-vault monster count
 E = Vault monster count
 F = Vault count percentage of total count
                 A         B        C        D         E       F
            +---------+---------+-------+---------+---------+-------
      Total |     508 |       0 |   0.0 |      71 |       0 |   0.0
            +---------+---------+-------+---------+---------+-------
        D:1 |      37 |       0 |   0.0 |      19 |       0 |   0.0
        D:2 |      60 |       0 |   0.0 |      28 |       0 |   0.0
        D:3 |     157 |       0 |   0.0 |      18 |       0 |   0.0
        D:4 |     254 |       0 |   0.0 |       6 |       0 |   0.0
            +---------+---------+-------+---------+---------+-------
